 Dungeon Crawl Stone Soup version 0.24-a0-639-gb70a11d811 (webtiles) character file.

Game seed: 4308284055485012606, levelgen mode: deterministic

170 DasRunzen the Shield-Bearer (level 5, -4/47 HPs)
             Began as a Minotaur Fighter on Sept 23, 2019.
             Slain by a scorpion (6 damage)
             ... on level 3 of the Dungeon.
             The game lasted 00:03:58 (1500 turns).

DasRunzen the Shield-Bearer (Minotaur Fighter)      Turns: 1500, Time: 00:03:58

Health: -4/47      AC:  7    Str: 21    XL:     5   Next: 26%
Magic:  4/4        EV:  7    Int:  5    God:
Gold:   149        SH:  0    Dex: 10    Spells: 4/4 levels left

rFire    . . .     SeeInvis .   a - +1 war axe
rCold    . . .     Gourm    .   c - +1 shield
rNeg     . . .     Faith    .   b - +0 scale mail
rPois    .         Spirit   .   (helmet restricted)
rElec    .         Reflect  .   (no cloak)
rCorr    .         Harm     .   (no gloves)
MR       .....                  (no boots)
Stlth    ..........             (no amulet)
HPRegen  0.15/turn              (no ring)
MPRegen  0.09/turn              (no ring)

@: confused, lethally poisoned (-4 -> -8)
A: retaliatory headbutt, horns 2
a: no special abilities


You were on level 3 of the Dungeon.
You were not hungry.

You visited 1 branch of the dungeon, and saw 3 of its levels.

You collected 149 gold pieces.

Inventory:

Hand Weapons
 a - a +1 war axe (weapon)
Armour
 b - a +0 scale mail (worn)
 c - a +1 shield (worn)
Scrolls
 e - a scroll of blinking {unknown}
Potions
 d - a potion of might
 h - 3 potions of curing
 i - a potion of mutation {unknown}
 j - 3 potions of haste {unknown}
 k - 2 potions of ambrosia {unknown}
Comestibles
 f - 4 rations
 g - a chunk of flesh


   Skills:
 + Level 4.7 Fighting
 + Level 3.9 Axes
 + Level 4.7 Armour
 + Level 4.8 Shields


You had 4 spell levels left.
You didn't know any spells.
Your spell library contained the following spells:

 Spells                   Type           Power        Failure   Level  Hunger
 Magic Dart               Conj           #...         99%         1    ##.....
 Blink                    Tloc           N/A          100%        2    ###....
 Call Imp                 Summ           #.......     100%        2    ###....
 Slow                     Hex            #.......     100%        2    ###....
 Conjure Flame            Conj/Fire      #.......     100%        3    ####...
 Mephitic Cloud           Conj/Pois/Air  #.......     100%        3    ####...


Dungeon Overview and Level Annotations

Branches:
Dungeon (3/15)

Altars:
Kikubaaqudgha
Vehumet
Xom


Innate Abilities, Weirdness & Mutations

You reflexively headbutt those who attack you in melee.
You have a pair of horns on your head.


Message History

You closely miss the orc wizard.
The orc wizard gestures at you while chanting.
You are confused.
The scorpion stings you.
* * * LOW HITPOINT WARNING * * *
The orc wizard hits you but does no damage.
The scorpion barely misses you.
You hit the scorpion.
The scorpion is severely wounded.
You miss the orc wizard. The scorpion stings you.
* * * LOW HITPOINT WARNING * * *
You are lethally poisoned!
The scorpion poisons you!
The orc wizard hits you but does no damage.
Your shield prevents you from hitting the scorpion.
The scorpion is severely wounded.
You closely miss the orc wizard.
* * * LOW HITPOINT WARNING * * *
You feel sick. The scorpion stings you.
You die...

....... .....
..... ....
###..## # #
....> .#. #os#
#.#
#.##(@#######.#
#..........##.#
####..........#
#.!........#
.....####.##.#
###.## #.##.#
#. #.##.# #.
#.##.# #.
#.##.#


You could see a scorpion and an orc wizard.

Vanquished Creatures
  A bullfrog (D:3)
  An orc wizard (D:3)
  3 adders (D:2)
  2 oozes
  A worm (D:2)
  5 orcs (D:3)
  5 goblins
  3 hobgoblins
  2 bats
  6 frilled lizards
  5 kobolds
  7 rats
41 creatures vanquished.

Notes
Turn   | Place    | Note
-------+----------+-------------------------------------------
     0 | D:1      | DasRunzen the Minotaur Fighter began the quest for the Orb.
     0 | D:1      | Reached XP level 1. HP: 19/19 MP: 0/0
     7 | D:1      | Noticed a yaktaur
     7 | D:1      | Noticed a hell rat
     7 | D:1      | Noticed a worker ant
     7 | D:1      | Noticed a tyrant leech
     7 | D:1      | Noticed an iguana
   160 | D:1      | Reached XP level 2. HP: 27/27 MP: 1/1
   164 | D:1      | You fall into a shaft and drop 1 floor!
   459 | D:2      | Found a radiant altar of Vehumet.
   474 | D:2      | Reached XP level 3. HP: 29/33 MP: 2/2
   800 | D:2      | Found an ancient bone altar of Kikubaaqudgha.
   962 | D:2      | Found a shimmering altar of Xom.
   963 | D:2      | Found a shimmering altar of Xom.
   965 | D:2      | Found a shimmering altar of Xom.
   965 | D:2      | Found a shimmering altar of Xom.
  1087 | D:3      | Noticed a bullfrog
  1100 | D:3      | HP: 1/33 [bullfrog (5)]
  1101 | D:3      | Killed a bullfrog
  1101 | D:3      | Reached XP level 4. HP: 2/41 MP: 3/3
  1410 | D:3      | Reached XP level 5. HP: 33/47 MP: 4/4
  1500 | D:3      | HP: 2/47 [poisoned by a scorpion]
  1500 | D:3      | Slain by a scorpion

Levels and vault maps discovered:
D:1:      onia_arrival_zoo_common, layout_rooms
D:2:      layout_loops_ring, fiery_altar_vehumet, lemuel_coloured_pillars_altar,
          xom_redecorated
D:3:      layout_loops_ring, eat_drink_and_be_merry_uskayaw

Skill      XL: |  1  2 |
---------------+-------+-----
Armour         | 4 |  4.7
Shields        | 4 |  4.8
Fighting       | 4 |  4.7
Axes           | 3 |  3.9

Action                   |  1- 3 |  4- 6 || total
-------------------------+-------+-------++-------
Melee: War axe           |    97 |    37 ||   134
       Headbutt          |    10 |     5 ||    15
  Use: Scroll            |     7 |       ||     7
  Eat: Chunk             |       |     2 ||     2
Armor: Scale mail        |    29 |    16 ||    45
Dodge: Dodged            |    36 |    11 ||    47
Block: Shield            |    63 |    14 ||    77

Table legend:
 A = Non-vault XP
 B = Vault XP
 C = Vault XP percentage of total XP
 D = Non-vault monster count
 E = Vault monster count
 F = Vault count percentage of total count
                 A         B        C        D         E       F
            +---------+---------+-------+---------+---------+-------
      Total |     244 |       0 |   0.0 |      41 |       0 |   0.0
            +---------+---------+-------+---------+---------+-------
        D:1 |      25 |       0 |   0.0 |      14 |       0 |   0.0
        D:2 |      55 |       0 |   0.0 |      12 |       0 |   0.0
        D:3 |     164 |       0 |   0.0 |      15 |       0 |   0.0
            +---------+---------+-------+---------+---------+-------
